 Dungeon Crawl Stone Soup version 0.28-a0-697-g47f3eba078 (webtiles) character file.

Game seed: 8961328005943199496

268 rovamarkku the Ruffian (level 6, -15/52 HPs)
             Began as a Ghoul Monk on Oct 23, 2021.
             Was a Priest of Sif Muna.
             Demolished by anet's ghost (17 damage)
             ... on level 6 of the Dungeon.
             The game lasted 00:22:03 (1360 turns).

rovamarkku the Ruffian (Ghoul Monk)                 Turns: 1360, Time: 00:22:03

Health: -15/52     AC:  5    Str: 15    XL:     6   Next: 21%
Magic:  5/5        EV: 15    Int:  7    God:    Sif Muna [***...]
Gold:   157        SH:  0    Dex: 11    Spells: 5/5 levels left

rFire   . . .      SeeInvis .     - Unarmed
rCold   + . .      Faith    .   (no shield)
rNeg    + + +      Spirit   .   m - +0 ring mail
rPois   ∞          Reflect  .   (no helmet)
rElec   .          Harm     .   (no cloak)
rCorr   .          Rampage  .   (no gloves)
Will    +....                   (no boots)
Stlth   +.........              (no amulet)
HPRegen 0.00/turn               j - +4 ring of evasion
MPRegen 0.09/turn               h - ring of willpower

@: mighty, inhibited regen
A: claws 1, cold resistance 1, negative energy resistance 3, inhibited
regeneration, torment resistance 2
a: Renounce Religion, Channel Magic, Forget Spell


You were on level 6 of the Dungeon.
You worshipped Sif Muna.
Sif Muna was most pleased with you.
You visited 1 branch of the dungeon, and saw 5 of its levels.

You collected 157 gold pieces.

Inventory:

Hand Weapons
 d - a +0 spear
Missiles
 b - 20 poisoned darts (quivered)
Armour
 a - a +0 robe
 e - a +0 leather armour
 m - a +0 ring mail (worn)
Jewellery
 g - a ring of flight
 h - a ring of willpower (right claw)
 j - a +4 ring of evasion (left claw)
Scrolls
 f - a scroll of identify
 i - a scroll of torment
 k - 2 scrolls of teleportation {unknown}
Potions
 l - a potion of brilliance {unknown}


   Skills:
 + Level 4.2 Fighting
 + Level 1.5 Throwing
 + Level 0.2 Armour
 + Level 3.7 Dodging
 + Level 2.7 Stealth
 + Level 5.4 Unarmed Combat


You had 5 spell levels left.
You didn't know any spells.
Your spell library contained the following spells:

 Spells                   Type           Power      Damage    Failure   Level
 Frozen Ramparts          Ice            0%         1d2       95%         3
 Summon Ice Beast         Ice/Summ       0%         N/A       100%        4
 Iskenderun's Battlesphe  Conj           0%         2d6       100%        5
 Iron Shot                Conj/Erth      0%         9d1       100%        6
 Spellforged Servitor     Conj/Summ      0%         N/A       100%        7
 Ice Form                 Ice/Tmut       Unusable   N/A       N/A         4

Dungeon Overview and Level Annotations

Branches:
Dungeon (4/15)
 Temple: D:4-7

Altars:
Sif Muna

Shops:
D:1 *   D:3 !

Annotations:
D:6 anet's ghost, novice GnDe


Innate Abilities, Weirdness & Mutations

You thrive by killing the living.
You are immune to poison.
You have sharp fingernails.
Your flesh is cold resistant. (rC+)
You are immune to negative energy. (rN+++)
You do not regenerate when monsters are visible.
You are immune to unholy pain and torment.


Message History

Anet's ghost is lightly damaged.
Anet's ghost hits you but does no damage.
You scratch anet's ghost but do no damage.
Anet's ghost is lightly damaged.
Anet's ghost closely misses you.
You scratch anet's ghost but do no damage.
Anet's ghost is lightly damaged.
Anet's ghost misses you.
You scratch anet's ghost but do no damage.
Anet's ghost is lightly damaged.
Anet's ghost barely misses you.
You scratch anet's ghost.
Anet's ghost is lightly damaged.
Anet's ghost hits you but does no damage.
You scratch anet's ghost.
Anet's ghost is lightly damaged.
Anet's ghost hits you.
* * * LOW HITPOINT WARNING * * *
Unknown command.
You scratch anet's ghost but do no damage.
Anet's ghost is lightly damaged.
Anet's ghost barely misses you.
You scratch anet's ghost but do no damage.
Anet's ghost is lightly damaged.
You barely miss anet's ghost.
Anet's ghost is lightly damaged.
Anet's ghost hits you.
* * * LOW HITPOINT WARNING * * *
Unknown command.
Throw: 21 darts (poison)
Press: ? - help, Q - select action, (/) - cycle Shift-Dir - straight line, f/p - anet's ghost
Aim: anet's ghost, wielding a weapon of electrocution (lightly damaged, 46% to hit)
You throw a poisoned dart.
The poisoned dart barely misses anet's ghost.
Anet's ghost misses you.
You feel very mighty all of a sudden. Anet's ghost hits you.
* * * LOW HITPOINT WARNING * * *
You are electrocuted!
You die...

####. #......## ......
....... #.......# ....$.
.......##.......##### ......
..................... ......
.......#.......###### ......
................# ####..)...
........#.(.....###.........
........#.......##..........
.....#....@W..##...#'#.....
#.#....#.....##...##.##....
# ####........(..##...##...
#####......##.....##..
##.#...#⌠.!♣?.⌠#..
#.....##.....##..
#......##...##...
#.......##⌠##...
#........###..


You could see anet's ghost.

Vanquished Creatures
  An ice beast (D:3)
  A water moccasin zombie (D:6)
  Natasha (D:1)
  2 adders
  A shadow imp (D:6)
  7 orcs
  2 ball pythons
  9 endoplasms
  8 hobgoblins
  4 jackals (D:4)
  3 kobolds
  A quokka (D:1)
  5 bats
  A frilled lizard (D:1)
  6 goblins
  2 rats
54 creatures vanquished.

Vanquished Creatures (collateral kills)
  An endoplasm (D:1)
  2 hobgoblins (D:1)
  A frilled lizard (D:1)
  A rat (D:1)
5 creatures vanquished.

Grand Total: 59 creatures vanquished

Notes
Turn   | Place    | Note
-------+----------+-------------------------------------------
     0 | D:1      | rovamarkku the Ghoul Monk began the quest for the Orb.
     0 | D:1      | Reached XP level 1. HP: 19/19 MP: 0/0
   127 | D:1      | Found Epoem's General Store.
   202 | D:1      | Reached XP level 2. HP: 11/26 MP: 1/1
   386 | D:1      | Found a faded altar of an unknown god.
   395 | D:1      | Prayed at the altar of an unknown god.
   395 | D:1      | Became a worshipper of Sif Muna the Loreminder
   395 | D:1      | Reached * piety under Sif Muna
   395 | D:1      | Reached ** piety under Sif Muna
   519 | D:2      | Noticed Natasha
   536 | D:1      | Reached XP level 3. HP: 23/33 MP: 2/2
   549 | D:1      | Killed Natasha
   561 | D:2      | Reached *** piety under Sif Muna
   645 | D:2      | Reached skill level 4 in Unarmed Combat
   645 | D:2      | Reached XP level 4. HP: 32/40 MP: 3/3
   802 | D:3      | Found Titroq's Distillery.
   939 | D:3      | Noticed an ice beast
   955 | D:3      | Killed an ice beast
   956 | D:3      | Reached skill level 1 in Throwing
   956 | D:3      | Reached XP level 5. HP: 26/46 MP: 4/4
  1189 | D:4      | Reached skill level 5 in Unarmed Combat
  1267 | D:4      | You fall into a shaft and drop 2 floors!
  1293 | D:6      | Reached XP level 6. HP: 42/52 MP: 5/5
  1321 | D:6      | Found a runed translucent door.
  1321 | D:6      | Noticed anet's ghost (novice GnDe)
  1360 | D:6      | HP: 2/52 [anet's ghost (1)]
  1360 | D:6      | Demolished by anet's ghost

Illustrated notes

Levels and vault maps discovered:
D:1:      dpeg_arrival_stone_temple_mockup, layout_loops_ring,
          shapermc_ecumenical_altar_notcrosses, serial_shops,
          nicolae_shop_crystal, eino_curves_01, minmay_bisected
D:2:      layout_rooms, nicolae_underground_beach, uniq_natasha
D:3:      layout_rooms, serial_shops,
          nicolae_shop_temple_entry_statues_fountains, chequers_decorated_corner
D:4:      layout_basic, chequers_temple_overflow_statue_of_worship
D:6:      layout_rooms, kennysheep_mini_moat,
          minmay_temple_entry_statues_pillars, hellmonk_ghost_happy_afterlife,
          serial_corexii_hall, corexii_hall_statues_t,
          chequers_hall_statues_corner_a, serial_shops, shop

Skill      XL: |  1  2  3  4  5 |
---------------+----------------+-----
Dodging        | 3 |  3.7
Unarmed Combat | 4 5 |  5.4
Fighting       | 4 |  4.2
Throwing       | 1 |  1.5
Armour         | |  0.2
Stealth        | |  2.7

Action                   |  1- 3 |  4- 6 || total
-------------------------+-------+-------++-------
Melee: Unarmed           |    78 |   104 ||   182
Throw: Dart              |     8 |    18 ||    26
  Use: Scroll            |     3 |     1 ||     4
       Potion            |     1 |     1 ||     2
 Stab: Sleeping          |     1 |       ||     1
Armor: Robe              |    23 |     3 ||    26
       Ring mail         |       |    17 ||    17
Dodge: Dodged            |    61 |    72 ||   133

Table legend: (Time is in decaauts)
 A = Elapsed time spent in this place.
 B = Non-inter-level travel time spent in this place.
 C = Inter-level travel time spent in this place.
 D = Time resting spent in this place.
 E = Time spent auto-exploring this place.
 F = Levels seen in this place.
 G = Mean time per level.
                   A        B        C        D        E       F      G
               +--------+--------+--------+--------+--------+-----+--------+
         Total |   1345 |   1345 |      0 |      0 |     26 |   5 |  269.0 |
       Dungeon |   1345 |   1345 |      0 |      0 |     26 |   5 |  269.0 |
               +--------+--------+--------+--------+--------+-----+--------+

Top non-repeatable levels by time:
     D:1: 551 daAuts
     D:3: 260 daAuts
     D:4: 234 daAuts
     D:2: 210 daAuts
     D:6: 90 daAuts
